 Dungeon Crawl Stone Soup version 0.26.1-11-gd32895ea62 (webtiles) character file.

Game seed: 9220907319591078207

1248 Velosus the Basher (level 8, -7/66 HPs)
             Began as a Minotaur Berserker on June 27, 2021.
             Was a Priest of Trog.
             Killed by divine providence
             ... invoked by an orc priest
              (12 damage)
             ... on level 5 of the Dungeon.
             The game lasted 00:28:25 (4434 turns).

Velosus the Basher (Minotaur Berserker)             Turns: 4434, Time: 00:28:26

Health: -7/66      AC:  7    Str: 23 (24) XL:     8   Next: 26%
Magic:  7/7        EV: 15    Int:  3 (4)  God:    Trog [***...]
Gold:   217        SH:  5    Dex:  8 (10) Spells: 7/7 levels left

rFire    . . .     SeeInvis .   a - +0 mace
rCold    . . .     Faith    .   (no shield)
rNeg     + . .     Spirit   .   c - +2 ring mail {rPois}
rPois    +         Reflect  +   (helmet restricted)
rElec    .         Harm     .   (no cloak)
rCorr    .         Rampage  .   (no gloves)
Will     .....                  (no boots)
Stlth    ..........             e - amulet of reflection
HPRegen  0.21/turn              r - ring of positive energy
MPRegen  0.10/turn              s - +4 ring of evasion

@: berserk cooldown, slowed, very slow
A: retaliatory headbutt, horns 2
a: Renounce Religion, Berserk, Trog's Hand


You were on level 5 of the Dungeon.
You worshipped Trog.
Trog was most pleased with you.
You visited 1 branch of the dungeon, and saw 5 of its levels.

You collected 217 gold pieces.

Inventory:

Hand Weapons
 a - a +0 mace (weapon)
 p - a +0 dire flail
 t - a +2 dagger of speed
 D - a +0 flail
Missiles
 d - 53 bolts
 E - a throwing net
Armour
 b - a +0 animal skin
 c - a +2 ring mail of poison resistance (worn)
 i - a +0 robe
 q - +0 steam dragon scales
 u - a +0 ring mail
 w - a +2 pair of boots
 y - a +0 ring mail
 z - a +0 leather armour
 B - a +0 scale mail
Jewellery
 e - an amulet of reflection (around neck)
 r - a ring of positive energy (left hand)
 s - a +4 ring of evasion (right hand)
 x - an uncursed amulet of guardian spirit
 A - an uncursed amulet of regeneration {unknown}
Wands
 G - a wand of flame (16)
Scrolls
 g - 5 scrolls of teleportation {unknown}
 h - a scroll of fog {unknown}
 k - 7 scrolls of remove curse {unknown}
 l - 3 scrolls of identify {unknown}
 o - 3 scrolls of magic mapping {unknown}
Potions
 f - 2 potions of flight {unknown}
 j - a potion of degeneration
 m - 2 potions of brilliance {unknown}
 n - a potion of cancellation {unknown}
 v - 3 potions of haste
 C - a potion of lignification {unknown}
 F - 2 potions of curing {unknown}


   Skills:
 - Level 3.7 Fighting
 + Level 11.8 Maces & Flails
 - Level 2.4 Armour
 - Level 2.2 Dodging
 - Level 2.6 Shields


You had 7 spell levels left.
You didn't know any spells.
Your spell library contained the following spells:

 Spells                   Type           Power        Failure   Level
 Sting                    Tmut/Pois      0%           67%         1
 Poisonous Vapours        Pois/Air       0%           82%         2
 Ignite Poison            Fire/Tmut/Pois 0%           96%         3
 Mephitic Cloud           Conj/Pois/Air  0%           96%         3
 Olgreb's Toxic Radiance  Pois           0%           100%        4


Dungeon Overview and Level Annotations

Branches:
Dungeon (5/15)             Temple (0/1) D:4

Altars:
Dithmenos
Okawaru
Sif Muna
Uskayaw


Innate Abilities, Weirdness & Mutations

You reflexively headbutt those who attack you in melee.
You have a pair of horns on your head.


Message History

You are too injured to fight recklessly!
You are no longer berserk.
Trog's vigour flows through your veins.
You are exhausted.
You feel yourself slow down. The orc priest closely misses you.
The orc priest invokes the aid of Beogh against you.
Beogh smites you!
* * * LOW HITPOINT WARNING * * *
The orc priest begins to cast a cantrip, but forgets the words!
The orc priest invokes the aid of Beogh against you.
Beogh smites you!
* * * LOW HITPOINT WARNING * * *
Things that are here:
a +0 mace; an orc corpse It was a potion of degeneration.
There was something very wrong with that liquid.
You feel weakened.
You feel dopey.
You feel clumsy.
The orc priest invokes the aid of Beogh against you.
Beogh smites you!
You die...

#..o.# #(^#####.....#
#.oo######..## ###..##
#..o.........## #..#
##............#####.##
#..#####.......##..#
#.. #..o........# #..
#..o#......## ..#
#...##)....# #..
#...@......# #..
#...#.......##
#########....####
#.......###
##.........####
#......####....
#.....## ####. ##....#
#. ##...# #.


You could see 2 orc priests.

Vanquished Creatures
  Grinder (D:4)
  An ice beast (D:5)
  2 ogres
  A centaur (D:5)
  3 scorpions
  A centaur zombie (D:4)
  A bullfrog zombie (D:4)
  3 hounds
  A bullfrog skeleton (D:5)
  An orc wizard (D:5)
  An orc priest (D:5)
  A hound zombie (D:4)
  A hound skeleton (D:4)
  7 adders
  6 gnolls
  A river rat (D:5)
  A shadow imp (D:5)
  An ufetubus (D:4)
  An ooze (D:3)
  2 adder zombies
  An adder skeleton (D:4)
  3 dart slugs
  3 worms
  2 leopard geckos
  19 orcs
  A ball python (D:1)
  6 bats
  6 giant cockroaches
  5 goblins
  10 hobgoblins
  6 jackals (D:1)
  5 kobolds
  3 quokkas
  A ball python skeleton (D:4)
  3 frilled lizards
  A giant cockroach zombie (D:4)
  A jackal zombie (D:4)
  A leopard gecko zombie (D:4)
  2 quokka zombies (D:4)
  7 rats
123 creatures vanquished.

Vanquished Creatures (others)
  3 withered plants (D:4)
3 creatures vanquished.

Grand Total: 126 creatures vanquished

Notes
Turn   | Place    | Note
-------+----------+-------------------------------------------
     0 | D:1      | Velosus the Minotaur Berserker began the quest for the Orb.
     0 | D:1      | Reached XP level 1. HP: 19/19 MP: 0/0
     9 | D:1      | Noticed a bullfrog
    93 | D:1      | Reached skill level 4 in Maces & Flails
   141 | D:1      | Reached XP level 2. HP: 17/27 MP: 1/1
   941 | D:1      | Reached XP level 3. HP: 31/33 MP: 2/2
   994 | D:1      | Reached ** piety under Trog
   995 | D:1      | Reached skill level 5 in Maces & Flails
  1302 | D:2      | Found a shimmering blue altar of Sif Muna.
  1302 | D:2      | Found a shadowy altar of Dithmenos.
  1395 | D:2      | Reached XP level 4. HP: 26/40 MP: 3/3
  1397 | D:2      | Reached skill level 6 in Maces & Flails
  1586 | D:2      | Found a shadowy altar of Dithmenos.
  1818 | D:3      | Found a hide-covered altar of Uskayaw.
  1986 | D:3      | Reached skill level 1 in Shields
  2050 | D:3      | Reached XP level 5. HP: 46/46 MP: 4/4
  2116 | D:3      | Reached *** piety under Trog
  2527 | D:3      | Found a faded altar of an unknown god.
  2652 | D:4      | Reached skill level 7 in Maces & Flails
  2738 | D:4      | Found an iron altar of Okawaru.
  2741 | D:4      | Found a staircase to the Ecumenical Temple.
  2769 | D:4      | Noticed an ogre
  2771 | D:4      | Reached XP level 6. HP: 44/52 MP: 5/5
  2785 | D:4      | Reached skill level 8 in Maces & Flails
  3090 | D:4      | Reached skill level 9 in Maces & Flails
  3317 | D:4      | Noticed Grinder
  3325 | D:4      | Killed Grinder
  3326 | D:4      | Reached XP level 7. HP: 32/58 MP: 6/6
  3518 | D:5      | Entered Level 5 of the Dungeon
  3572 | D:5      | Reached skill level 10 in Maces & Flails
  3886 | D:5      | Reached skill level 11 in Maces & Flails
  4050 | D:5      | Reached XP level 8. HP: 66/66 MP: 7/7
  4434 | D:5      | Killed from afar by an orc priest

Illustrated notes

Levels and vault maps discovered:
D:1:      evilmike_arrival_come_back, layout_loops_ring, minmay_misc_feat_doors,
          glass_columns_a
D:2:      layout_rooms, gammafunk_temple_overflow_elements,
          grunt_dithmenos_smoke_and_mirrors
D:3:      layout_loops_ring, nicolae_overflow_crystal_walls,
          chequers_ecumenical_altar_twisty, serial_aquarium,
          aquarium_bridge_square [aquarium_subvault_bridge,
          aquarium_subvault_bridge, aquarium_subvault_wall,
          aquarium_subvault_window], aquarium_window_corner, aquarium_window_1,
          aquarium_view_2f, aquarium_view_2g, aquarium_pool_split
D:4:      layout_loops_ring, minmay_temple_entry_gardened_gates, serial_undead,
          serial_undead_e, serial_undead_e, serial_undead_f, serial_undead_d,
          serial_undead_e, serial_undead_b, okawaru_metal_pillars_1_2,
          uniq_grinder
D:5:      layout_layer_cave, gup_sewer_entry_bowl

Skill      XL: |  1  2  3  4  5  6  7 |
---------------+----------------------+-----
Maces & Flails | 4 5 6 7 9 11 | 11.8
Shields        | 1 2 |  2.6
Fighting       | |  3.7
Armour         | |  2.4
Dodging        | |  2.2

Action                   |  1- 3 |  4- 6 |  7- 9 || total
-------------------------+-------+-------+-------++-------
Melee: Mace              |    87 |   146 |    90 ||   323
       Headbutt          |    19 |    19 |    13 ||    51
Invok: Trog's Hand       |       |     6 |       ||     6
       Berserk           |       |     1 |     2 ||     3
  Use: Potion            |       |       |     1 ||     1
Armor: Ring mail         |    41 |    28 |    14 ||    83
Dodge: Dodged            |    46 |    68 |    41 ||   155
Block: Other             |    13 |    28 |    12 ||    53
       Reflection        |       |       |     1 ||     1
